 Dungeon Crawl Stone Soup version 0.31-a0-229-g1fc7ce93e2 (webtiles) character file.

Game seed: 5002140696534423226

380 qw the Shooter (level 6, -7/37 HPs)
             Began as a Gargoyle Hexslinger on July 6, 2023.
             Mangled by an ogre
             ... wielding a +0 giant club
              (14 damage)
             ... on level 4 of the Dungeon.
             The game lasted 00:01:25 (2480 turns).

qw the Shooter (Gargoyle Hexslinger)                Turns: 2480, Time: 00:01:25

Health: -7/37      AC: 11    Str: 12    XL:     6   Next: 75%
Magic:  0/7        EV: 10    Int: 13    God:
Gold:   191        SH:  0    Dex: 14    Spells: 6/7 levels left

rFire   . . .        Y - +1 sling (elec)
rCold   . . .        (no shield)
rNeg    + . .        f - +0 ring mail
rPois   inf          (no helmet)
rElec   +            c - +1 cloak {Will+}
rCorr   +            (no gloves)
SInv    .            (no boots)
Will    +....        h - amulet of guardian spirit
Stlth   +            e - ring of resist corrosion
HPRegen 0.26/turn    (no ring)
MPRegen 0.10/turn

%: guardian spirit
@: no status effects
A: sickness immunity, AC +4, negative energy resistance 1, electricity
resistance, torment resistance 1, petrification resistance
a: no special abilities


You were on level 4 of the Dungeon.
You visited 1 branch of the dungeon, and saw 4 of its levels.

You collected 191 gold pieces.


Innate Abilities, Weirdness & Mutations

You are immune to sickness and miasma.
Your stone body is resilient. (AC +4)
You are immune to poison.
You resist negative energy. (rN+)
You are resistant to electric shocks. (rElec)
You are resistant to unholy torment.
You are immune to petrification.


   Skills:
 + Level 3.4 Fighting
 - Level 6.1 Ranged Weapons
 - Level 1.0 Armour
 - Level 1.5 Dodging
 - Level 1.0 Spellcasting
 - Level 2.6 Hexes


You had 6 spell levels left.
You knew the following spells:

 Your Spells              Type           Power      Damage    Failure   Level
a - Slow                  Hex            28%        N/A       22%         1

Your spell library contained the following spells:

 Spells                   Type           Power      Damage    Failure   Level
 Inner Flame              Hex/Fire       4%         N/A       73%         3
 Portal Projectile        Hex/Tloc       8%         N/A       73%         3
 Cause Fear               Hex            3%         N/A       91%         4

Inventory:

Hand Weapons
 Y - a +1 sling of electrocution (weapon)
Armour
 c - a +1 cloak of willpower (worn)
 f - a +0 ring mail (worn)
Jewellery
 e - a ring of resist corrosion (left hand)
 g - a ring of fire
 h - an amulet of guardian spirit (around neck)
Potions
 a - 2 potions of might
 b - a potion of degeneration {unknown}
 d - 5 potions of curing
 i - a potion of enlightenment
 j - a potion of lignification {unknown}
 k - a potion of cancellation {unknown}

Dungeon Overview and Level Annotations

Branches:
Dungeon (4/15)
 Temple: D:4-7

Altars:


Message History

The slug dart hits you but does no damage.
You shoot a sling bullet.
The sling bullet barely misses the hobgoblin.
The hobgoblin closely misses you. The ogre closely misses you.
The hobgoblin barely misses you. The dart slug launches a dart at you.
The slug dart misses you.
You shoot a sling bullet.
The sling bullet hits the hobgoblin but does no damage.
Lightning courses through the hobgoblin!!
You kill the hobgoblin!
The dart slug launches a dart at you. The slug dart misses you.
The dart slug launches a dart at you.
The slug dart hits you but does no damage.
The ogre hits you with a +0 giant club! The dart slug launches a dart at you.
The slug dart hits you.
You shoot a sling bullet. The sling bullet hits the ogre.
Lightning courses through the ogre!
The ogre is severely wounded.
The dart slug launches a dart at you.
The slug dart hits you but does no damage.
You shoot a sling bullet. The sling bullet hits the ogre.
The ogre is severely wounded.
The ogre hits you but does no damage.
The dart slug briefly extends its eye-stalks.
The dart slug launches a dart at you. The slug dart hits you.
You shoot a sling bullet. The sling bullet hits the ogre!
The ogre is almost dead.
The ogre closely misses you. The dart slug launches a dart at you.
The slug dart hits you.
The dart slug briefly extends its eye-stalks.
You shoot a sling bullet.
The sling bullet hits the ogre but does no damage.
The ogre is almost dead.
The ogre hits you with a +0 giant club!
You die...

#...##~~.~~##.##.
....%.##.~~~~~~~.##
(.
###.###~#~~#~#~~~~##
. #
.#~~#~~~~~~~~~~#.
#.~~~~~~~~~~~~~..
#~~~~~~~#~~~~~~~.
.~~~~.~~~~~~~#~~~~
####
.~~~.~#~.!.~$..~~~
#.(.
...~~./...@%.$$.~~.
###.
.#~~.}~~.O.~~.~~~~
## #~#~~~~~~~~~w~~~~
#w~~~~~~#~~~~~~##
#.~~~~~~~~~~~~%.
.#~#~#~~~~#~~~~#
##~w~~~~~~~~~##
...~~~ ~~~...


You could see an ogre and 3 dart slugs.

Vanquished Creatures
  A howler monkey (D:4)
  2 hounds (D:4)
  Natasha (thrice) (D:2)
  Ijyb (D:4)
  An iguana (D:4)
  An orc wizard (D:4)
  2 adders
  3 worms
  10 dart slugs
  3 orcs (D:4)
  4 endoplasms
  A giant cockroach (D:2)
  9 goblins
  8 hobgoblins
  7 jackals (D:2)
  4 quokkas
  3 ball pythons
  5 bats
  4 frilled lizards
  6 kobolds
  7 rats
85 creatures vanquished.

Notes
Turn   | Place    | Note
-------+----------+-------------------------------------------
     0 | D:1      | qw the Gargoyle Hexslinger began the quest for the Orb.
     0 | D:1      | Reached XP level 1. HP: 12/12 MP: 2/2
     0 | D:1      | 0 ||| qw: Version: 0.3-a-46-gb1f654a
     0 | D:1      | 0 ||| qw: Game counter: 1480
     0 | D:1      | 0 ||| qw: Melee chars always use a shield: true
     0 | D:1      | 0 ||| qw: God list: Okawaru
     0 | D:1      | 0 ||| qw: Allow faded altars: false
     0 | D:1      | 0 ||| qw: Do Orc after clearing Dungeon:15 true
     0 | D:1      | 0 ||| qw: Do second Lair branch before Depths: true
     0 | D:1      | 0 ||| qw: Lair rune preference: random
     0 | D:1      | 0 ||| qw: Goals: Normal
     0 | D:1      | 0 ||| PLANNING D:1-11
   171 | D:1      | Reached XP level 2. HP: 16/16 MP: 3/3
   208 | D:1      | Reached skill level 3 in Ranged Weapons
   269 | D:1      | 269 ||| FLEEEEING.
   564 | D:1      | 564 ||| UPGRADING to +0 ring mail.
   574 | D:1      | 574 ||| DROPPING +0 robe.
   575 | D:1      | 575 ||| READING scroll labelled QUAFOQIKISH.
   578 | D:1      | 578 ||| DRINKING 3 red potions.
   579 | D:1      | 579 ||| DROPPING scroll of poison.
   663 | D:2      | Reached XP level 3. HP: 21/21 MP: 4/4
   965 | D:2      | Noticed Natasha
   978 | D:2      | Killed Natasha
   979 | D:2      | Reached skill level 4 in Ranged Weapons
   979 | D:2      | Reached XP level 4. HP: 20/26 MP: 5/5
  1075 | D:2      | Identified the +7 long sword of Morph {freeze, Int+3}
  1333 | D:2      | 1333 ||| UPGRADING to +0 cloak of willpower.
  1338 | D:2      | 1338 ||| DROPPING ring of flight.
  1339 | D:2      | 1339 ||| READING scroll labelled GUL KUEMME.
  1340 | D:2      | 1340 ||| READING scroll labelled VEBBIU EMAVEO.
  1341 | D:2      | 1341 ||| DRINKING 2 purple potions.
  1342 | D:2      | 1342 ||| DROPPING potion of brilliance.
  1350 | D:3      | 1350 ||| STAIRDANCE
  1368 | D:2      | Reached skill level 1 in Armour
  1564 | D:3      | 1564 ||| DRINKING 2 silvery potions.
  1611 | D:2      | Noticed Natasha
  1612 | D:2      | Killed Natasha
  1613 | D:2      | Reached XP level 5. HP: 30/30 MP: 6/6
  1648 | D:2      | Noticed Natasha
  1661 | D:2      | Killed Natasha
  1662 | D:2      | Reached skill level 5 in Ranged Weapons
  1817 | D:3      | 1817 ||| STAIRDANCE
  1921 | D:2      | 1921 ||| DRINKING 2 black potions.
  2003 | D:4      | Reached skill level 3 in Fighting
  2013 | D:4      | 2013 ||| FLEEEEING.
  2029 | D:4      | 2029 ||| FLEEEEING.
  2054 | D:4      | 2054 ||| STAIRDANCE
  2058 | D:4      | 2058 ||| STAIRDANCE
  2062 | D:4      | 2062 ||| STAIRDANCE
  2066 | D:4      | 2066 ||| STAIRDANCE
  2070 | D:4      | 2070 ||| STAIRDANCE
  2074 | D:4      | 2074 ||| STAIRDANCE
  2078 | D:4      | 2078 ||| STAIRDANCE
  2082 | D:4      | 2082 ||| STAIRDANCE
  2086 | D:4      | 2086 ||| STAIRDANCE
  2090 | D:4      | 2090 ||| STAIRDANCE
  2094 | D:4      | 2094 ||| STAIRDANCE
  2098 | D:4      | 2098 ||| STAIRDANCE
  2102 | D:4      | 2102 ||| STAIRDANCE
  2106 | D:4      | 2106 ||| STAIRDANCE
  2110 | D:4      | 2110 ||| STAIRDANCE
  2114 | D:4      | 2114 ||| STAIRDANCE
  2118 | D:4      | 2118 ||| STAIRDANCE
  2122 | D:4      | 2122 ||| STAIRDANCE
  2126 | D:4      | 2126 ||| STAIRDANCE
  2130 | D:4      | 2130 ||| STAIRDANCE
  2231 | D:3      | You fall into a shaft and drop 1 floor!
  2247 | D:4      | Reached XP level 6. HP: 34/37 MP: 7/7
  2294 | D:4      | 2294 ||| READING scroll of enchant armour.
  2294 | D:4      | 2294 ||| ENCHANTING +0 cloak of willpower.
  2348 | D:4      | Noticed Ijyb
  2351 | D:4      | Killed Ijyb
  2431 | D:4      | 2431 ||| UPGRADING to amulet of guardian spirit.
  2436 | D:4      | 2436 ||| UPGRADING to ring of resist corrosion.
  2459 | D:4      | Reached skill level 6 in Ranged Weapons
  2463 | D:4      | 2463 ||| FLEEEEING.
  2464 | D:4      | 2464 ||| FLEEEEING.
  2476 | D:4      | HP: 8/37 [dart slug/slug dart (2)]
  2480 | D:4      | Mangled by an ogre

Levels and vault maps discovered:
D:1:      psy_arrival_spokes, layout_basic
D:2:      layout_basic, dk_noncrumbling_3, kennysheep_generic_room_3,
          uniq_natasha
D:3:      layout_basic, pdpol_wu_jian_five_deadly_venoms
D:4:      kennysheep_slugbush, layout_rooms, minmay_statues_item, uniq_ijyb

Skill      XL: |  1  2  3  4  5  6 |
---------------+-------------------+-----
Ranged Weapons | 3 4 5 6 |  6.1
Fighting       | 2 3 |  3.4
Armour         | 1 |  1.0
Dodging        | |  1.5
Spellcasting   | |  1.0
Hexes          | |  2.6

Action                     |  1- 3 |  4- 6 || total
---------------------------+-------+-------++-------
   Fire: Sling             |   140 |   200 ||   340
    Use: Potion            |     1 |     3 ||     4
         Scroll            |     1 |     3 ||     4
 Armour: Robe              |     9 |       ||     9
         Ring mail         |    54 |   126 ||   180
  Dodge: Dodged            |    71 |   101 ||   172

Table legend:
 A = Non-vault XP
 B = Vault XP
 C = Vault XP percentage of total XP
 D = Non-vault monster count
 E = Vault monster count
 F = Vault count percentage of total count
                 A         B        C        D         E       F
            +---------+---------+-------+---------+---------+-------
      Total |     428 |     115 |  21.2 |      72 |      13 |  15.3
            +---------+---------+-------+---------+---------+-------
        D:1 |      31 |       0 |   0.0 |      19 |       0 |   0.0
        D:2 |     140 |      43 |  23.5 |      32 |       3 |   8.6
        D:3 |      17 |       0 |   0.0 |       8 |       0 |   0.0
        D:4 |     240 |      72 |  23.1 |      13 |      10 |  43.5
            +---------+---------+-------+---------+---------+-------
